 Dungeon Crawl Stone Soup version 0.18-a0-867-gfd1cc8f (webtiles) character file.

3329 4thArraOfDagon the Covert (level 9, 0/41 HPs)
             Began as a Felid Fighter on Dec 21, 2015.
             Succumbed to a killer bee's poison
             ... on level 10 of the Dungeon.
             The game lasted 00:13:24 (2283 turns).

4thArraOfDagon the Covert (Felid Fighter)           Turns: 2283, Time: 00:13:24

Health: 0/41       AC:  2    Str: 12    XL:     9   Next: 71%
Magic:  14/14      EV: 24    Int:  9    God:
Gold:   228        SH:  0    Dex: 19    Spells: 2 memorised, 10 levels left
                                        Lives:  0   Deaths: 2

rFire  . . .     SeeInvis +       - Unarmed
rCold  + . .     Gourm    .     (armour unavailable)
rNeg   . . .     Faith    .     (shield unavailable)
rPois  .         Spirit   .     (helmet unavailable)
rElec  .         Dismiss  .     (cloak unavailable)
rCorr  .         Reflect  .     (gloves unavailable)
SustAt .         Harm     +     (boots unavailable)
MR     +....                    m - amulet of harm
Stlth  ++++++....               (no ring)
                                h - ring of protection from cold

@: lethally poisoned (0 -> -26), quick, somewhat resistant to hostile
enchantments, very stealthy
A: no armour, no weapons or thrown items, claws 1, fangs 3, see invisible,
carnivore 3, speed 1, shaggy fur 2, slow metabolism 1, sharp paws
a: no special abilities


You were on level 10 of the Dungeon.
You were very full.

You visited 1 branch of the dungeon, and saw 10 of its levels.

You collected 270 gold pieces.
You spent 42 gold pieces at shops.

Inventory:

Jewellery
 h - a ring of protection from cold (left paw)
 m - an amulet of harm (around neck)
Wands
 c - a wand of random effects (18/48)
 f - a wand of fireball (0/15)
Scrolls
 e - a scroll of teleportation
 j - 2 scrolls of noise {unknown}
 k - a scroll of remove curse
Potions
 d - a potion of heal wounds
 l - 3 potions of cancellation
 p - a potion of mutation {unknown}
Books
 i - a book of Enchantments

   Spells                             Type                      Level
   a - Cause Fear                     Hexes                        4
   b - Yara's Violent Unravelling     Hexes/Transmutation          5
   c - Silence                        Hexes/Air                    5
   d - Deflect Missiles               Charms/Air                   6
   e - Haste                          Charms                       6
   f - Discord                        Hexes                        8
Comestibles
 a - a beef jerky
 b - a meat ration
 g - 2 slices of pizza
 n - a royal jelly


   Skills:
 + Level 5.9 Fighting
 + Level 7.7 Dodging
 * Level 12.2 Stealth
 * Level 7.9 Unarmed Combat
 + Level 3.1 Spellcasting
 * Level 5.5 Charms
 * Level 5.1 Necromancy


You had 10 spell levels left.
You knew the following spells:

 Your Spells              Type           Power        Failure   Level  Hunger
a - Regeneration          Chrm/Necr      ##........   12%         3    ####...
b - Animate Skeleton      Necr           N/A          4%          1    ##.....


Dungeon Overview and Level Annotations

Branches:
Dungeon (10/15)
 Temple: D:4-7         Lair: D:8-11         Orc: D:9-12

Altars:
Qazlal

Shops:
D:7 *

Annotations:
D:5 4thArraOfDagon's ghost, amateur HOBe
D:7 Dowan


Innate Abilities, Weirdness & Mutations

You cannot wear armour.
You are incapable of wielding weapons or throwing items.
You have sharp claws.
You have razor-sharp teeth.
You have supernaturally acute eyesight.
You are carnivorous and can eat meat at any time.
You cover ground quickly.
You are covered in thick fur (AC +2).
You have a slow metabolism.
Your sharp claws are effective at attacking unaware monsters.


Message History

The killer bee stings you.
* * * LOW HITPOINT WARNING * * *
You feel sick.
Unknown command.
You bump into the rock wall.
You feel less invigorated.
You feel less confused.
You feel sick. The killer bee misses you. The killer bee stings you!
* * * LOW HITPOINT WARNING * * *
You are more poisoned.
The killer bee poisons you!
Unknown command.
Your skin stops crawling.
* * * LOW HITPOINT WARNING * * *
You feel sick. The killer bee stings you.
* * * LOW HITPOINT WARNING * * *
You are more poisoned.
The killer bee poisons you!
Unknown command.
Unknown command.
You die...

# # #.# ###.### #.. ..# ##
#.# #.### ##. #<# #...#
##.. ## #.###..†# ##...
##...#######.......####....
....F.yyy.@...........'....
##..y#########.#...####.<..
## #.##.## ##... #.####
##.. #.# ##. #.# ## #.# #
#.# # ##


You could see a giant frog and 4 killer bees.

Vanquished Creatures
  Gastronok (D:8)
  A komodo dragon (D:10)
  A troll (D:9)
  Grinder (D:7)
  A spriggan (D:7)
  Sigmund (D:6)
  6 yaks (D:9)
  A hippogriff (D:8)
  Menkaure (D:4)
  A mottled dragon (D:10)
  A sky beast (D:5)
  An ice beast (D:9)
  A phantom (D:6)
  2 ogres
  A black bear (D:7)
  A centaur (D:8)
  2 giant frogs
  A gnoll sergeant (D:9)
  A water moccasin zombie (D:7)
  2 killer bees (D:10)
  A crimson imp (D:7)
  An orc priest (D:9)
  2 giant frog skeletons
  A giant frog zombie (D:6)
  2 orc wizards (D:9)
  A hound (D:7)
  A centaur skeleton (D:4)
  3 iguanas
  4 worker ants
  A hound skeleton (D:6)
  2 worker ant zombies
  8 adders
  6 gnolls
  A white imp (D:9)
  An ufetubus (D:9)
  An adder zombie (D:7)
  An adder skeleton (D:8)
  8 orcs
  A bat (D:2)
  A giant cockroach (D:7)
  A goblin (D:2)
  5 jackals
  A kobold (D:1)
  A quokka (D:7)
  A giant gecko (D:5)
84 creatures vanquished.

Notes
Turn   | Place    | Note
--------------------------------------------------------------
     0 | D:1      | 4thArraOfDagon the Felid Fighter began the quest for the Orb.
     0 | D:1      | Reached XP level 1. HP: 10/10 MP: 2/2
    86 | D:2      | Reached skill level 1 in Stealth
   140 | D:5      | Entered Level 5 of the Dungeon
   153 | D:5      | Noticed 4thArraOfDagon's ghost (amateur HOBe)
   171 | D:6      | Noticed a centaur
   186 | D:6      | Noticed a water moccasin
   194 | D:6      | Noticed a giant frog zombie
   207 | D:6      | You fall through a shaft!
   222 | D:7      | Noticed a hound
   230 | D:7      | Killed a hound
   230 | D:7      | Reached XP level 2. HP: 7/14 MP: 3/3
   230 | D:7      | Reached XP level 3. HP: 8/17 MP: 4/4
   237 | D:7      | Found Usmoumof's Assorted Antiques.
   243 | D:7      | Noticed a black bear
   250 | D:7      | Killed a black bear
   250 | D:7      | Reached skill level 6 in Stealth
   250 | D:7      | Reached XP level 4. HP: 11/21 MP: 5/5
   290 | D:6      | Noticed Sigmund
   297 | D:6      | Killed Sigmund
   297 | D:6      | Reached skill level 7 in Stealth
   297 | D:6      | Reached XP level 5. HP: 14/24 MP: 6/6
   297 | D:6      | Gained mutation: You are covered in thick fur (AC +2). [Felid growth]
   297 | D:6      | Reached XP level 6. HP: 16/28 MP: 7/7
   346 | D:6      | Slain by a gnoll shaman
   347 | D:6      | Reached XP level 5. HP: 0/24 MP: 6/6
   386 | D:6      | Noticed an ogre
   391 | D:6      | Killed an ogre
   416 | D:6      | Found a stormy altar of Qazlal.
   428 | D:6      | Reached skill level 5 in Dodging
   428 | D:6      | Reached XP level 6. HP: 28/28 MP: 7/7
   474 | D:6      | Reached skill level 8 in Stealth
   474 | D:6      | Reached skill level 5 in Unarmed Combat
   703 | D:7      | Reached XP level 7. HP: 10/32 MP: 8/8
   810 | D:7      | Bought a puce potion for 21 gold pieces
   810 | D:7      | Bought a pink potion for 21 gold pieces
  1093 | D:4      | Noticed Menkaure
  1103 | D:4      | Killed Menkaure
  1103 | D:4      | Reached skill level 9 in Stealth
  1380 | D:6      | Noticed Grinder
  1393 | D:7      | Killed Grinder
  1393 | D:7      | Reached XP level 8. HP: 20/36 MP: 9/9
  1438 | D:6      | Learned a level 3 spell: Regeneration
  1440 | D:6      | Learned a level 1 spell: Animate Skeleton
  1511 | D:7      | Reached skill level 10 in Stealth
  1511 | D:7      | Reached skill level 1 in Charms
  1571 | D:7      | Noticed Dowan
  1607 | D:7      | Reached skill level 1 in Necromancy
  1627 | D:8      | Noticed Gastronok
  1649 | D:8      | Killed Gastronok
  1649 | D:8      | Reached skill level 5 in Fighting
  1649 | D:8      | Reached skill level 11 in Stealth
  1649 | D:8      | Reached XP level 9. HP: 40/40 MP: 9/13
  1968 | D:8      | HP: 2/41 [centaur/poisoned arrow (3)]
  1969 | D:8      | Succumbed to a centaur's poison
  1970 | D:8      | Reached XP level 8. HP: 0/38 MP: 3/12
  2006 | D:8      | Reached XP level 9. HP: 34/41 MP: 12/14
  2071 | D:9      | Reached skill level 5 in Charms
  2088 | D:9      | Reached skill level 12 in Stealth
  2135 | D:10     | Entered Level 10 of the Dungeon
  2138 | D:10     | Noticed a komodo dragon
  2143 | D:10     | Killed a komodo dragon
  2156 | D:10     | Reached skill level 5 in Necromancy
  2174 | D:9      | Noticed an iron golem
  2174 | D:9      | Noticed an iron golem
  2174 | D:9      | Noticed an iron golem
  2174 | D:9      | Noticed an iron golem
  2282 | D:10     | HP: 1/41 [killer bee (2)]
  2283 | D:10     | Succumbed to a killer bee's poison

Vault maps used:
D:1:      minmay_arrival_diagonal_passages, corexii_corridor_pit
D:2:      okawaru_ov_weapons_minmay, uniq_iyjb
D:3:      makhleb_altar_promises_db, old_standard_altar, lemuel_round_altar,
          grunt_qazlal_clouds, cheibrodos_gnoll_hut, uniq_terence
D:4:      gup_sewer_entry_bubbles, minivault_24, uniq_menkaure
D:5:      minmay_temple_entry_statues_fountains, first_bread, uniq_blork_the_orc
D:6:      basic_altar, uniq_grinder, uniq_sigmund
D:7:      serial_shops, nicolae_shop_statue_plus, minivault_23, the_bakery,
          uniq_duvessa
D:8:      kennysheep_mini_moat, gammafunk_temple_overflow_forgotten,
          grunt_ministairs_11, minmay_strange_pillars, david_defended_altar_orc,
          uniq_gastronok
D:9:      cheibrodos_stairvault_heist, serial_ice, serial_ice_g, serial_ice_n,
          serial_ice_a, serial_ice_j, uniq_psyche
D:10:     uniq_fannar

Action                   |  1- 3 |  4- 6 |  7- 9 || total
-------------------------+-------+-------+-------++-------
Melee: Unarmed           |    12 |    54 |   201 ||   267
 Cast: Regeneration      |       |       |    10 ||    10
       Animate Skeleton  |       |       |     1 ||     1
Evoke: Wand              |       |       |     8 ||     8
  Use: Potion            |     3 |     1 |     9 ||    13
       Scroll            |     1 |     8 |     5 ||    14
 Stab: Sleeping          |     2 |     7 |    17 ||    26
       Invisible         |     1 |       |       ||     1
       Distracted        |       |       |     1 ||     1
  Eat: Chunk             |     6 |     2 |    14 ||    22
